 Dungeon Crawl Stone Soup version 0.19-a0-1365-gb34f4cb (webtiles) character file.

647 mopl the Ruffian (level 7, 0/59 HPs)
             Began as a Troll Wizard on Sept 2, 2016.
             Slain by an orc
             ... wielding a +0 trident
              (5 damage)
             ... on level 5 of the Dungeon.
             The game lasted 00:08:34 (1632 turns).

mopl the Ruffian (Troll Wizard)                     Turns: 1632, Time: 00:08:35

Health: 0/59       AC:  5    Str: 16    XL:     7   Next: 27%
Magic:  7/9        EV: 10    Int: 14    God:
Gold:   105        SH:  0    Dex: 10    Spells: 4 memorised, 2 levels left

rFire  . . .     SeeInvis .       - Unarmed
rCold  . . .     Gourm    +     a - +0 robe
rNeg   . . .     Faith    .     (no shield)
rPois  .         Spirit   .     b - +0 hat
rElec  .         Dismiss  .     (no cloak)
rCorr  .         Reflect  .     (gloves unavailable)
MR     .....     Harm     .     (boots unavailable)
Stlth  +.........               (no amulet)
                                (no ring)
                                (no ring)

@: very slightly contaminated
A: unfitting armour, claws 3, fast metabolism 3, gourmand, regeneration 1,
shaggy fur 1, tough skin 2
a: no special abilities


You were on level 5 of the Dungeon.
You were very full.

You visited 1 branch of the dungeon, and saw 7 of its levels.

You collected 105 gold pieces.

Inventory:

Missiles
 k - 6 javelins of penetration (quivered)
 r - 4 curare-tipped needles
 B - 4 poisoned needles
Armour
 a - a +0 robe (worn)
 b - a +0 hat (worn)
Wands
 u - a wand of disintegration (8/24)
Scrolls
 e - 2 scrolls of fear {unknown}
 h - 2 scrolls of remove curse {unknown}
 l - a scroll of enchant armour {unknown}
 m - 2 scrolls of identify {unknown}
 n - a scroll of amnesia {unknown}
 q - a scroll of blinking {unknown}
 t - a scroll of fog {unknown}
 w - a scroll of enchant weapon {unknown}
 y - a scroll of recharging {unknown}
Potions
 i - 2 potions of brilliance {unknown}
 j - a potion of berserk rage {unknown}
 o - a potion of flight {unknown}
 s - a potion of ambrosia {unknown}
 x - a potion of degeneration {unknown}
 z - 2 potions of mutation {unknown}
 A - a potion of curing {unknown}
Books
 c - a book of Minor Magic

   Spells                             Type                      Level
   a - Magic Dart                     Conjuration                  1
   b - Blink                          Translocation                2
   c - Call Imp                       Summoning                    2
   d - Repel Missiles                 Charms/Air                   2
   e - Slow                           Hexes                        2
   f - Conjure Flame                  Conjuration/Fire             3
   g - Mephitic Cloud                 Conjuration/Poison/Air       3
 g - a book of the Dragon

   Spells                             Type                      Level
   a - Flame Tongue                   Conjuration/Fire             1
   b - Cause Fear                     Hexes                        4
   c - Bolt of Fire                   Conjuration/Fire             6
   d - Dragon Form                    Transmutation                7
   e - Dragon's Call                  Summoning                    9
 v - a book of Changes

   Spells                             Type                      Level
   a - Beastly Appendage              Transmutation                1
   b - Sticks to Snakes               Transmutation                2
   c - Spider Form                    Transmutation/Poison         3
   d - Ice Form                       Ice/Transmutation            4
   e - Blade Hands                    Transmutation                5
Comestibles
 d - 3 bread rations
 f - a royal jelly
 p - a chunk of flesh


   Skills:
 - Level 1.5 Dodging
 - Level 1.1 Stealth
 * Level 7.9 Unarmed Combat
 - Level 2.0 Spellcasting
 - Level 0.6 Conjurations
   Level 0.6 Summonings
 - Level 0.6 Translocations


You had 2 spell levels left.
You knew the following spells:

 Your Spells              Type           Power        Failure   Level  Hunger
a - Magic Dart            Conj           #...         21%         1    ##.....
d - Mephitic Cloud        Conj/Pois/Air  #.......     73%         3    ####...
e - Blink                 Tloc           N/A          30%         2    ###....
i - Repel Missiles        Chrm/Air       #.....       34%         2    ###....


Dungeon Overview and Level Annotations

Branches:
Dungeon (7/15)
 Temple: D:4-7

Altars:
Makhleb
Ru
Sif Muna

Shops:
D:4 [


Innate Abilities, Weirdness & Mutations

You are too large for most types of armour.
You have claws for hands.
Your metabolism is lightning-fast.
You like to eat raw meat.
Your natural rate of healing is unusually fast.
You are covered in fur. (AC +1)
You have very tough skin. (AC +2)


Message History

The orc priest mumbles some strange prayers to Beogh against you.
Beogh smites you!
* * * LOW HITPOINT WARNING * * *
You hear a shout! x2
Cast which spell? (? or * to list)
You miscast Blink.
You are very lightly contaminated with residual magic.
You feel a wrenching sensation.
The orc hits you from afar with a trident.
* * * LOW HITPOINT WARNING * * *
Evoke which item? (* to show all) (? for menu, Esc to quit)
Okay, then.
Throwing (i - inventory):
k - 7 javelins of penetration (quivered)
Press: ? - help, Shift-Dir - straight line, f - orc priest
Aim: an orc priest, wielding a hand axe You throw a javelin of penetration.
The javelin of penetration closely misses the orc.
The javelin of penetration barely misses the orc priest.
The orc hits you from afar with a trident.
You die...

#.....# ###.....o
#.....# #....o..
#....(# #..o....
#.....# #......
..#######(.(..## ......
.......).....((. o..#
##########...#..
###(#############...#.#
#..oo.@................
#.###################.#
# #.# ..# ..# # # # #


You could see an orc priest and an orc.

Vanquished Creatures
  A phantom (D:5)
  An ogre (D:4)
  A centaur (D:5)
  A giant frog (D:6)
  2 giant frog skeletons
  2 hounds (D:6)
  An orc wizard (D:4)
  An iguana (D:5)
  2 worker ants
  A worker ant zombie (D:6)
  6 adders
  A shadow imp (D:6)
  A worm (D:2)
  A dart slug (D:4)
  A giant gecko (D:5)
  4 orcs
  3 giant cockroaches
  A goblin (D:3)
  3 hobgoblins
  A kobold (D:1)
  4 ball pythons
  2 bats
  A giant gecko zombie (D:6)
  3 giant newts
  2 rats
47 creatures vanquished.

Notes
Turn   | Place    | Note
-------+----------+-------------------------------------------
     0 | D:1      | mopl the Troll Wizard began the quest for the Orb.
     0 | D:1      | Reached XP level 1. HP: 16/16 MP: 2/2
    55 | D:2      | Found a sacrificial altar of Ru.
    64 | D:2      | Reached skill level 1 in Unarmed Combat
   200 | D:2      | Reached skill level 2 in Unarmed Combat
   200 | D:2      | Reached XP level 2. HP: 24/24 MP: 4/4
   224 | D:2      | Reached XP level 3. HP: 17/31 MP: 5/5
   238 | D:2      | Learned a level 3 spell: Mephitic Cloud
   261 | D:2      | Reached skill level 3 in Unarmed Combat
   476 | D:5      | Entered Level 5 of the Dungeon
   591 | D:5      | Reached XP level 4. HP: 36/39 MP: 6/6
   593 | D:5      | Reached skill level 4 in Unarmed Combat
   654 | D:6      | Reached XP level 5. HP: 34/45 MP: 7/7
   668 | D:6      | Reached skill level 5 in Unarmed Combat
   715 | D:6      | Reached XP level 6. HP: 21/53 MP: 8/8
   801 | D:6      | Reached skill level 6 in Unarmed Combat
  1008 | D:4      | Found Cetsoff's Armour Shoppe.
  1069 | D:4      | Reached skill level 7 in Unarmed Combat
  1086 | D:4      | Learned a level 2 spell: Blink
  1089 | D:4      | Learned a level 2 spell: Repel Missiles
  1108 | D:4      | Reached XP level 7. HP: 41/59 MP: 9/9
  1237 | D:4      | Found a deep blue altar of Sif Muna.
  1524 | D:5      | Found a burning altar of Makhleb.
  1632 | D:5      | Slain by an orc

Vault maps used:
D:1:      minmay_arrival_plants_in_alcoves
D:2:      nicolae_ru_sacrificial_ziggurat, first_bread
D:3:      led_sif_pool
D:4:      lemuel_crystal_altar, serial_shops, shop, kennysheep_diamond,
          amethyst_killhole
D:5:      lemuel_crystal_altar, bloody_makhleb, uniq_grinder
D:6:      lemuel_coloured_pillars_altar, nicolae_overflow_crystal_walls,
          minmay_parallelograms
D:7:      grunt_temple_overflow_holy_war

Skill      XL: |  1  2  3  4  5  6 |
---------------+-------------------+-----
Unarmed Combat | 2 3 4 5 7 |  7.9
Dodging        | |  1.5
Stealth        | |  1.1
Spellcasting   | |  2.0
Conjurations   | |  0.6
Summonings     | |  0.6
Translocations | |  0.6

Action                   |  1- 3 |  4- 6 |  7- 9 || total
-------------------------+-------+-------+-------++-------
Melee: Unarmed           |    85 |    73 |    35 ||   193
       Punch             |     1 |     1 |     1 ||     3
Throw: Javelin           |       |       |     1 ||     1
  Eat: Chunk             |    10 |     6 |     3 ||    19
Armor: Robe              |    28 |    18 |     5 ||    51
Dodge: Dodged            |    40 |    35 |    16 ||    91
